 Dungeon Crawl Stone Soup version 0.30.1 (webtiles) character file.

Game seed: 2426487643335430542

4 monsoonserge the Trooper (level 1, 20/20 HPs)
             Began as a Hill Orc Fighter on July 9, 2023.
             Was a Follower of Dithmenos.
             Quit the game on level 1 of the Dungeon.
             The game lasted 00:00:56 (59 turns).

monsoonserge the Trooper (Hill Orc Fighter)           Turns: 59, Time: 00:00:56

Health: 20/20      AC:  6    Str: 18    XL:     1   Next: 70%
Magic:  1/1        EV:  9    Int:  8    God:    Dithmenos [*.....]
Gold:   0          SH:  4    Dex: 10    Spells: 0/0 levels left

rFire   . . .        a - +0 war axe
rCold   . . .        c - +0 buckler
rNeg    . . .        b - +0 scale mail
rPois   .            (no helmet)
rElec   .            (no cloak)
rCorr   .            (no gloves)
SInv    .            (no boots)
Will    .....        (no amulet) Stlth
                     (no ring)
HPRegen 0.23/turn    (no ring)
MPRegen 0.07/turn

%: no passive effects
@: wreathed by umbra
A: no striking features
a: Renounce Religion


You were on level 1 of the Dungeon.
You worshipped Dithmenos.
Dithmenos was aware of your devotion.
You visited 1 branch of the dungeon, and saw 1 of its levels.

Inventory:

Hand Weapons
 a - a +0 war axe (weapon)
Armour
 b - a +0 scale mail (worn)
 c - a +0 buckler (worn)
Potions
 d - a potion of might
 e - a potion of brilliance {unknown}


   Skills:
 + Level 3.7 Fighting
 + Level 2.8 Axes
 + Level 3.3 Armour
 + Level 3.4 Shields


You couldn't memorise any spells.
You didn't know any spells.
Your spell library was empty.

Dungeon Overview and Level Annotations

Branches:
Dungeon (1/15)

Altars:
Dithmenos


Message History

You miss the bat. The bat hits you but does no damage.
You hit the bat.
You kill the bat!
You see here a bat corpse.
There is a faded altar of an unknown god here.
This altar belongs to (a) Dithmenos, (b) Makhleb or (c) Fedhas, but you can't tell which.
Press the corresponding letter to learn more about a god, or press enter to convert or escape to cancel.
Dithmenos accepts your prayer! Dithmenos welcomes you!
You are shrouded in an aura of darkness!
You see here a bat corpse.
A ball python comes into view.
You closely miss the ball python.
The ball python bites you but does no damage.
The ball python grabs you. The ball python constricts you.
You closely miss the ball python. The ball python closely misses you.
The ball python constricts you. The ball python barely misses you.
The ball python constricts you.
You hit the ball python but do no damage.
The ball python barely misses you. The ball python constricts you.
You closely miss the ball python.
The ball python bites you but does no damage.
The ball python constricts you. You block the ball python's attack.
The ball python constricts you.
You completely miss the ball python.
The ball python bites you but does no damage.
The ball python constricts you.
The ball python bites you but does no damage.
The ball python constricts you.
You closely miss the ball python.
The ball python bites you but does no damage.
The ball python constricts you.
You completely miss the ball python.
The ball python bites you but does no damage.
The ball python constricts you. The ball python barely misses you.
The ball python constricts you.
Okay, then.
You hit the ball python.
You kill the ball python!
Dithmenos accepts your kill.
Are you sure you want to abandon this character and quit the game? (Confirm with "yes".)

# . .# .# #.# ##..#
##..# #.@# #.## #
#.###### ##
#.##...###########.
#...........†...#..
#####.8†8.#.###...#
#.._....# #....
#.....### ##...
#.....# ##..


There were no monsters in sight!

Vanquished Creatures
  A bat (D:1)
  2 giant cockroaches (D:1)
  A ball python (D:1)
4 creatures vanquished.

Notes
Turn   | Place    | Note
-------+----------+-------------------------------------------
     0 | D:1      | monsoonserge the Hill Orc Fighter began the quest for the
                  | Orb.
     0 | D:1      | Reached XP level 1. HP: 19/19 MP: 1/1
    20 | D:1      | Found a faded altar of an unknown god.
    38 | D:1      | Prayed at the altar of an unknown god.
    38 | D:1      | Became a worshipper of Dithmenos the Shadowed
    38 | D:1      | Reached * piety under Dithmenos
    59 | D:1      | Quit the game

Illustrated notes

Levels and vault maps discovered:
D:1:      scummos_arrival_hexagon, layout_rooms,
          dreamdust_ecumenical_altar_statues

Action                     || total
---------------------------++-------
  Melee: War axe           ||    21
 Armour: Scale mail        ||    19
  Dodge: Dodged            ||    11
  Block: Buckler           ||     5
